 Dungeon Crawl Stone Soup version 0.16.2-12-gd0ad4c3 (webtiles) character file.

23725 musteatbrain the Severer (level 12, -3/113 HPs)
             Began as a Minotaur Berserker on Sept 27, 2015.
             Was an Elder of Trog.
             Slain by a skeletal warrior
             ... wielding a +0 long sword
              (17 damage)
             ... on level 12 of the Dungeon.
             The game lasted 01:05:14 (13569 turns).

musteatbrain the Severer (Minotaur Berserker)      Turns: 13569, Time: 01:05:14

Health: -3/113     AC: 16    Str: 26    XL:     12   Next: 74%
Magic:  5/5        EV: 11    Int:  9    God:    Trog [****..]
Gold:   865        SH:  0    Dex: 11    Spells: 0 memorised, 11 levels left

rFire  + . .     SeeInvis .     j - +5 battleaxe (elec)
rCold  . . .     Clarity  .     q - +0 plate armour
rNeg   . . .     SustAb   .     (no shield)
rPois  .         Gourm    .     o - +1 hat {MR+}
rElec  .         Spirit   .     Q - +0 cloak
rCorr  .         Warding  .     (no gloves)
rMut   .         Stasis   .     (no boots)
MR     +++..                    (no amulet)
Stlth  ..........               (no ring)
                                k - ring of protection from fire

@: brilliant, regenerating, extremely resistant to hostile enchantments,
extremely unstealthy
A: retaliatory headbutt, horns 2, camouflage 1, mutation resistance 1
a: Burn Spellbooks, Berserk, Trog's Hand, Brothers in Arms, Renounce Religion


You were on level 12 of the Dungeon.
You worshipped Trog.
Trog was greatly pleased with you.
You were not hungry.

You visited 1 branch of the dungeon, and saw 13 of its levels.
You also visited: Bailey.

You collected 956 gold pieces.
You spent 91 gold pieces at shops.

Inventory:

Hand weapons
 a - a +1 vampiric hand axe
 j - a +5 battleaxe of electrocution (weapon)
 r - a +1 broad axe of electrocution
 J - a +3 longbow of flaming
Missiles
 E - 20 arrows of flame
 K - 10 poisoned arrows
Armour
 o - a +1 hat of magic resistance (worn)
 q - a +0 plate armour (worn)
 Q - a +0 cloak (worn)
Rods
 s - a +0 rod of inaccuracy (10/10)
   (You found it on level 10 of the Dungeon)
Jewellery
 k - a ring of protection from fire (left hand)
Magical devices
 d - a wand of slowing (8)
 h - a wand of confusion (14)
 u - a wand of draining (3)
 v - a wand of frost (17)
 w - a wand of flame (17)
 F - a wand of fireball (3)
 R - a wand of enslavement (8)
Scrolls
 f - a scroll of enchant armour
 n - 5 scrolls of teleportation
 x - a scroll of recharging
 y - 2 scrolls of fear
 A - a scroll of blinking {unknown}
 D - a scroll of enchant weapon
 G - a scroll of remove curse
 N - a scroll of identify
 P - a scroll of immolation
Potions
 b - a potion of beneficial mutation
 e - 2 potions of magic {unknown}
 g - 3 potions of resistance {unknown}
 i - a potion of flight
 l - 2 potions of might
 p - 4 potions of agility
 t - 5 potions of curing
 z - a potion of berserk rage
 H - a potion of mutation
 M - a potion of haste
 O - a potion of restore abilities
Miscellaneous
 m - a plain deck of summoning
Comestibles
 c - 4 bread rations
 C - 6 meat rations
 I - 7 slices of pizza
 L - 6 fruits


   Skills:
 + Level 12.8 Fighting
 * Level 17.6 Axes
 + Level 9.3 Armour
 + Level 8.8 Dodging


You had 11 spell levels left.
You didn't know any spells.

Dungeon Overview and Level Annotations

Branches:
Dungeon (13/15)            Temple (0/1) D:5            Lair (0/8) D:11
    Orc (0/4) D:12
 Vaults: D:13-14

Altars:
Ashenzari
Cheibriados
Dithmenos
Elyvilon
Fedhas
Kikubaaqudgha
Nemelex Xobeh
Qazlal
Ru
Sif Muna
Trog
Vehumet
Xom
Yredelemnul
Zin
The Shining One

Shops:
D:7 !   D:11 [

Portals:
Trove: D:10 (give +5 demon trident)


Innate Abilities, Weirdness & Mutations

You reflexively headbutt those who attack you in melee.
You have a pair of horns on your head.
Your skin changes colour to match your surroundings (Stealth).
You are somewhat resistant to further mutation.


Message History

Aim: a skeletal warrior, wielding a long sword (heavily damaged, chance 1%)
The skeletal warrior resists with almost no effort.
Evoking this partially-identified wand wasted a few charges.
The skeletal warrior hits you with a long sword!
* * * LOW HITPOINT WARNING * * *
You closely miss the skeletal warrior.
Your headbutt misses the skeletal warrior.
The skeletal warrior is heavily damaged.
The skeletal warrior hits you but does no damage.
Use which ability? (? or * to list)
You can't do that.
Unknown command.
Drink which item? (? for menu, Esc to quit)
It was a potion of brilliance.
You feel clever all of a sudden.
You slash the skeletal warrior!
You headbutt the skeletal warrior, but do no damage.
The skeletal warrior is severely damaged.
The skeletal warrior hits you with a long sword!
You die...

#.# # #.## ###### #..# #.....
##.# ###'#### #(# #.......
#.##########....<..
#.##......='.......
###############....#######(......
...............z@.## #.(.....
#################.# #..(.... #.##
#..(.... #..# #....... ##.#
####.### #.# ##...# #.# #.....
###.## ####..... ############
#....#####..'.....


You could see a skeletal warrior.

Vanquished Creatures
  The ghost of musteatbrain the Cleaver, a powerful MiFi of Okawaru (D:11)
  A hydra (D:11)
  Erica (D:11)
  An unseen horror (D:10)
  6 hill giants
  An ugly thing (D:11)
  2 cyclopes (D:12)
  A guardian serpent (D:12)
  Maurice (D:11)
  A komodo dragon (D:11)
  An efreet (D:13)
  The ghost of dscm the Shield-Bearer, an average MiFi of Ashenzari (Bailey)
  3 trolls
  The ghost of BLOAX the Grappler, an average MiMo (D:6)
  Sonja (D:12)
  4 slime creatures (D:12)
  Grinder (D:6)
  3 two-headed ogres
  A basilisk (D:11)
  A shadow (D:12)
  2 wraiths
  3 deep elf magi
  4 hungry ghosts
  A human (D:10)
  Eustachio (D:8)
  A hog (D:10)
  2 wyverns
  12 yaks
  The ghost of Vidiiot the Sneak, an average NaCj (D:4)
  A steam dragon (D:10)
  A hippogriff (D:11)
  8 orc warriors
  An eye of draining (D:7)
  A black bear (D:8)
  3 ice beasts
  2 ogres
  3 phantoms
  The ghost of BLOAX the Ruffian, an average NaCj (D:3)
  13 centaurs
  3 sky beasts
  2 necrophages
  Sigmund (D:5)
  Duvessa (D:7)
  4 big kobolds
  A crocodile (D:8)
  Blork the orc (D:8)
  6 giant frogs
  8 jellies
  A wyvern skeleton (D:9)
  15 killer bees (D:9)
  A wyvern zombie (D:8)
  3 wights (D:9)
  3 scorpions
  Dowan (D:7)
  7 crimson imps
  4 orc priests
  6 hounds
  A centaur zombie (D:6)
  3 goliath beetles
  2 quasits
  A wasp zombie (D:8)
  2 giant frog skeletons (D:11)
  2 centaur skeletons
  A giant frog zombie (D:9)
  8 worker ants
  An iguana (D:6)
  7 orc wizards
  A killer bee zombie (D:11)
  3 sheep (D:10)
  A hound zombie (D:10)
  Terence (D:3)
  A worker ant zombie (D:11)
  18 adders
  15 gnolls
  4 shadow imps
  5 worms
  4 adder skeletons
  6 giant geckos
  47 orcs
  A ball python (D:4)
  A bat skeleton (D:4)
  A bat zombie (D:7)
  14 hobgoblins
  31 jackals
  4 quokkas
  11 bats
  2 giant cockroaches
  A giant gecko skeleton (D:5)
  7 giant newts
  15 goblins
  A jackal skeleton (D:7)
  41 kobolds
  A quokka skeleton (D:6)
  A quokka zombie (D:5)
  8 rats
  A spectral orc (D:7)
437 creatures vanquished.

Vanquished Creatures (collateral kills)
  Gastronok (D:8)
  Nessos (D:11)
  A hungry ghost (D:11)
  A wasp (D:11)
  An ogre (D:9)
  A giant frog zombie (D:12)
  A gnoll shaman (D:9)
  An iguana (D:11)
  2 orcs (D:9)
10 creatures vanquished.

Vanquished Creatures (others)
  A two-headed ogre (D:11)
  A polar bear (D:11)
  2 ogres
  A plant (D:11)
5 creatures vanquished.

Grand Total: 452 creatures vanquished

Notes
Turn   | Place    | Note
--------------------------------------------------------------
     0 | D:1      | musteatbrain, the Minotaur Berserker, began the quest for the Orb.
     0 | D:1      | Reached XP level 1. HP: 19/19 MP: 1/1
   284 | D:1      | Reached skill level 4 in Axes
   496 | D:1      | Reached XP level 2. HP: 27/27 MP: 1/1
   581 | D:2      | Found a sparkling altar of Nemelex Xobeh.
   779 | D:2      | Acquired Trog's second power
   853 | D:2      | Reached skill level 5 in Axes
   853 | D:2      | Reached XP level 3. HP: 26/33 MP: 2/2
  1016 | D:2      | Found a white marble altar of Elyvilon.
  1666 | D:2      | Reached XP level 4. HP: 40/40 MP: 2/2
  1729 | D:3      | Found an ancient bone altar of Kikubaaqudgha.
  1771 | D:3      | Reached skill level 6 in Axes
  1771 | D:3      | Reached XP level 5. HP: 47/47 MP: 2/2
  1961 | D:3      | Found a stormy altar of Qazlal.
  1972 | D:3      | Noticed BLOAX's ghost (average NaCj)
  1976 | D:3      | Noticed Terence
  1987 | D:3      | Killed BLOAX's ghost
  1987 | D:3      | Reached skill level 5 in Fighting
  1994 | D:3      | Killed Terence
  1994 | D:3      | Reached skill level 7 in Axes
  2370 | D:3      | Found a radiant altar of Vehumet.
  2659 | D:3      | Reached XP level 6. HP: 51/56 MP: 3/3
  2670 | D:3      | Noticed a sky beast
  2675 | D:3      | Killed a sky beast
  2994 | D:4      | Found a shadowy altar of Dithmenos.
  3106 | D:4      | Reached skill level 8 in Axes
  3106 | D:4      | Reached XP level 7. HP: 50/63 MP: 3/3
  3163 | D:4      | Found a shattered altar of Ashenzari.
  3165 | D:4      | Noticed Vidiiot's ghost (average NaCj)
  3171 | D:4      | Killed Vidiiot's ghost
  3328 | D:4      | Reached skill level 9 in Axes
  3458 | D:5      | Entered Level 5 of the Dungeon
  3497 | D:5      | Acquired Trog's third power
  3745 | D:5      | Found a blossoming altar of Fedhas.
  3828 | D:5      | Noticed Sigmund
  3862 | D:5      | Killed Sigmund
  4170 | D:5      | Found a staircase to the Ecumenical Temple.
  4187 | D:5      | Got an agate-encrusted leather armour
  4188 | D:5      | Identified the cursed -5 leather armour of the Frog {-Tele Dex+7} (You found it on level 5 of the Dungeon)
  4680 | D:6      | Reached XP level 8. HP: 61/73 MP: 3/3
  4685 | D:6      | Noticed BLOAX's ghost (average MiMo)
  4702 | D:6      | Killed BLOAX's ghost
  4702 | D:6      | Reached skill level 10 in Axes
  4743 | D:6      | Found a deep blue altar of Sif Muna.
  4899 | D:6      | Reached skill level 11 in Axes
  5070 | D:6      | Found a snail-covered altar of Cheibriados.
  5162 | D:6      | Noticed Grinder
  5172 | D:6      | Killed Grinder
  5388 | D:7      | Reached XP level 9. HP: 82/82 MP: 4/4
  5389 | D:7      | Reached skill level 12 in Axes
  5770 | D:7      | Found Yrriepum's Distillery.
  5776 | D:7      | Bought a potion of mutation for 35 gold pieces
  5776 | D:7      | Bought a potion of might for 56 gold pieces
  5776 | D:7      | Gained mutation: Your skin changes colour to match your surroundings (Stealth). [potion of mutation]
  5776 | D:7      | Gained mutation: You are somewhat resistant to further mutation. [potion of mutation]
  5786 | D:7      | Noticed Duvessa
  5787 | D:7      | Noticed Dowan
  5799 | D:7      | Killed Duvessa
  5818 | D:7      | Killed Dowan
  5884 | D:7      | Reached skill level 13 in Axes
  6075 | D:7      | Found a basalt altar of Yredelemnul.
  6337 | D:8      | Reached skill level 10 in Fighting
  6664 | D:8      | Found a sacrificial altar of Ru.
  6713 | D:8      | Noticed Gastronok
  6732 | D:8      | Killed Gastronok
  6732 | D:8      | Reached XP level 10. HP: 72/93 MP: 4/4
  6763 | D:8      | Noticed Eustachio
  6771 | D:8      | Killed Eustachio
  6771 | D:8      | Reached skill level 14 in Axes
  6905 | D:8      | Found a bloodstained altar of Trog.
  7103 | D:8      | Noticed Blork the orc
  7114 | D:8      | Killed Blork the orc
  7180 | D:8      | Found a shimmering altar of Xom.
  7194 | D:8      | Received a gift from Trog
  7570 | D:9      | Received a gift from Trog
  7765 | D:9      | Found a glowing silver altar of Zin.
  7991 | D:9      | Found a glowing golden altar of the Shining One.
  8229 | D:9      | Reached skill level 5 in Armour
  8440 | D:9      | Reached skill level 5 in Dodging
  8928 | D:10     | Entered Level 10 of the Dungeon
  8999 | D:10     | Found a flagged portal.
  9019 | Bailey   | Entered a bailey
  9043 | Bailey   | Noticed dscm's ghost (average MiFi)
  9062 | Bailey   | Killed dscm's ghost
  9062 | Bailey   | Reached skill level 15 in Axes
  9074 | Bailey   | Received a gift from Trog
  9159 | Bailey   | Found a bloodstained altar of Trog.
  9287 | D:10     | Reached XP level 11. HP: 94/102 MP: 4/4
  9311 | D:10     | Noticed a hill giant
  9323 | D:10     | Killed a hill giant
  9362 | D:10     | Found a portal to a secret trove of treasure.
  9482 | D:10     | Killed an unseen horror
 10418 | D:11     | Noticed a hill giant
 10427 | D:11     | Noticed Nessos
 10428 | D:11     | Killed a hill giant
 10446 | D:11     | Killed Nessos
 10446 | D:11     | Reached skill level 16 in Axes
 10486 | D:11     | Noticed musteatbrain's ghost (powerful MiFi)
 10494 | D:11     | Killed musteatbrain's ghost
 10875 | D:11     | Found a staircase to the Lair.
 10898 | D:11     | Noticed a hill giant
 10905 | D:11     | Killed a hill giant
 11138 | D:11     | Noticed Erica
 11150 | D:11     | Killed Erica
 11212 | D:11     | Noticed a hill giant
 11218 | D:11     | Killed a hill giant
 11218 | D:11     | Reached XP level 12. HP: 68/112 MP: 5/5
 11559 | D:11     | Noticed Maurice
 11567 | D:11     | Killed Maurice
 11675 | D:11     | Found Skiff's Antique Armour Shoppe.
 11677 | D:11     | Noticed an eight-headed hydra
 11688 | D:11     | Killed a nine-headed hydra
 12275 | D:12     | Reached skill level 17 in Axes
 12827 | D:12     | Noticed Sonja
 12833 | D:12     | Killed Sonja
 12993 | D:12     | Found a staircase to the Orcish Mines.
 13569 | D:12     | Slain by a skeletal warrior

Action                   |  1- 3 |  4- 6 |  7- 9 | 10-12 || total
-------------------------+-------+-------+-------+-------++-------
Melee: Hand axe          |    73 |    97 |   256 |   555 ||   981
       Scythe            |       |       |   139 |       ||   139
       Unarmed           |       |       |       |    10 ||    10
       Battleaxe         |       |       |       |   195 ||   195
Invok: Berserk           |       |     2 |     3 |    12 ||    17
       Trog's Hand       |       |     1 |     3 |    21 ||    25
       Burn Spellbooks   |       |       |     1 |     5 ||     6
       Brothers in Arms  |       |       |     1 |     7 ||     8
Evoke: Wand              |       |       |       |     1 ||     1
  Use: Scroll            |       |       |    19 |     3 ||    22
       Potion            |       |       |     4 |     8 ||    12
  Eat: Bread ration      |     1 |       |     3 |     2 ||     6
       Chunk             |       |     2 |     2 |    10 ||    14
       Meat ration       |       |     1 |       |     5 ||     6
       Fruit             |       |       |     2 |    11 ||    13
       Pizza             |       |       |     2 |       ||     2
       Beef jerky        |       |       |       |     4 ||     4
